 Dungeon Crawl Stone Soup version 0.30-a0-622-gddc90eaa04 (webtiles) character file.

Game seed: 5596727787463014117

166 voltaire321 the Sneak (level 5, 0/33 HPs)
             Began as an Octopode Hedge Wizard on Jan 10, 2023.
             Succumbed to a kobold's poison
             ... on level 3 of the Dungeon.
             The game lasted 00:08:40 (2628 turns).

voltaire321 the Sneak (Octopode Hedge Wizard)       Turns: 2628, Time: 00:08:40

Health: 0/33       AC:  1    Str:  9    XL:     5   Next: 47%
Magic:  4/10       EV: 13    Int: 19    God:
Gold:   195        SH:  0    Dex: 11    Spells: 2/10 levels left

rFire   . . .      SeeInvis .    g - staff of conjuration
rCold   . . .      Faith    .    (no shield)
rNeg    + . .      Spirit   .    b - +0 hat
rPois   .          Reflect  .    h - amulet of regeneration
rElec   .          Harm     .    l - ring of positive energy
rCorr   .          Rampage  .    n - ring of wizardry
Will    .....                    (no ring)
Stlth   +++                      (no ring)
HPRegen 1.05/turn                (no ring)
MPRegen 0.12/turn                (no ring)
                                 (no ring)
                                 (no ring)

@: mighty, lethally poisoned (0 -> -3)
A: almost no armour, amphibious, 8 rings, camouflage 1, gelatinous body 1,
(nimble swimmer 1), tentacles
a: no special abilities


You were on level 3 of the Dungeon.
You visited 1 branch of the dungeon, and saw 4 of its levels.

You collected 195 gold pieces.

Inventory:

Hand Weapons
 a - a +0 dagger
Armour
 b - a +0 hat (worn)
Magical Staves
 g - a staff of conjuration (weapon)
Jewellery
 h - an amulet of regeneration (around mantle)
 l - a ring of positive energy (left tentacle)
 n - a ring of wizardry (right tentacle)
Wands
 k - a wand of polymorph (3)
 r - a wand of paralysis (13)
Scrolls
 d - 2 scrolls of magic mapping {unknown}
 f - 3 scrolls of identify {unknown}
 i - a scroll of silence {unknown}
 j - 2 scrolls of immolation {unknown}
 o - 2 scrolls of teleportation {unknown}
 q - a scroll of enchant armour {unknown}
Potions
 c - 2 potions of magic
 m - a potion of resistance {unknown}
 p - a potion of brilliance {unknown}


   Skills:
 + Level 1.6 Fighting
 + Level 2.7 Dodging
 + Level 3.8 Stealth
 + Level 3.4 Spellcasting
 + Level 1.9 Conjurations
 + Level 2.1 Summonings
 + Level 2.1 Translocations


You had 2 spell levels left.
You knew the following spells:

 Your Spells              Type           Power      Damage    Failure   Level
a - Magic Dart            Conj           60%        1d6       2%          1
b - Call Imp              Summ           11%        N/A       4%          2
c - Blink                 Tloc           22%        N/A       3%          2
d - Call Canine Familiar  Summ           11%        N/A       8%          3

Your spell library contained the following spells:

 Spells                   Type           Power      Damage    Failure   Level
 Summon Small Mammal      Summ           44%        N/A       2%          1
 Slow                     Hex            12%        N/A       6%          1
 Cigotuvi's Dreadful Rot  Necr/Pois/Air  6%         N/A       9%          2
 Summon Guardian Golem    Hex/Summ       7%         N/A       12%         3
 Mephitic Cloud           Conj/Pois/Air  8%         N/A       14%         3


Dungeon Overview and Level Annotations

Branches:
Dungeon (4/15)
 Temple: D:4-7

Altars:


Innate Abilities, Weirdness & Mutations

You cannot wear most types of armour.
You are amphibious.
You can wear up to eight rings at the same time.
Your skin changes colour to match your surroundings (Stealth+).
Your rubbery body absorbs attacks. (AC +1, EV +1)
((You are camouflaged when in or above water. (Stealth+)))
You have tentacles for arms and can constrict up to eight enemies at once.


Message History

The kobold is moderately wounded.
The kobold hits you but does no damage.
The kobold hits you with a +0 short sword.
You barely miss the kobold. Your grab misses the kobold.
The kobold is moderately wounded.
Your crimson imp blinks!
The kobold barely misses you. The scorpion stings you.
Casting: Magic Dart (safe; 2% risk of failure)
Confirm with . or Enter, or press ? or * to list all spells.
The spell is quite dangerous to miscast (8% risk of failure)!
Continue anyway?
The scorpion stings you!
You are poisoned.
The scorpion poisons you!
The kobold hits you with a +0 short sword.
The scorpion attacks as you move away! The scorpion stings you!
You feel very sick. The scorpion stings your hound.
Your hound is poisoned.
The scorpion poisons your hound!
Your hound bites the scorpion.
The kobold closely misses your hound.
You feel sick.
Your hound bites the scorpion but does no damage.
The scorpion closely misses your hound.
The kobold throws a poisoned dart.
The poisoned dart hits you!
You are lethally poisoned!
Your hound bites the scorpion.
There is a stone staircase leading up here.
* * * LOW HITPOINT WARNING * * *
You feel very sick. The scorpion stings your hound.
Your hound closely misses the scorpion.
The kobold hits your hound but does no damage.
The scorpion barely misses your hound.
Your magical contamination has completely faded away.
You climb upwards.
* * * LOW HITPOINT WARNING * * *
You feel very sick.
There is a stone staircase leading down here.
It was a potion of might.
You feel very mighty all of a sudden.
You die...

#.########.###########.#.#....<.
#.# #...................... ##.#
########.####.#...##### .#.## #.#
#......# #...####### #.###.##..##
##........###### #.#.......#
#...####....[..# #.#.#.###.#
.#......###.##.###.#.#.# #.#
.#####..#.......@....#.###.######
.# ##.#.#.##.###...............
.# #....###..################# .#
#.#.## ##.# .# #.#.# #)#
############# .# #.#.# #.#
#............ .# #.#.# #.#
#.########### .######.#.# #.# #.#
..........#####.# #.#


There were no monsters in sight!

Vanquished Creatures
  An orc priest (D:3)
  An adder (D:2)
  3 dart slugs
  2 orcs (D:3)
  3 endoplasms (D:1)
  4 giant cockroaches
  A goblin (D:3)
  6 hobgoblins
  12 jackals
  5 kobolds
  A quokka (D:3)
  6 ball pythons
  2 bats
  2 frilled lizards (D:1)
  5 rats
54 creatures vanquished.

Vanquished Creatures (collateral kills)
  A scorpion (D:3)
  An orc (D:3)
2 creatures vanquished.

Grand Total: 56 creatures vanquished

Notes
Turn   | Place    | Note
-------+----------+-------------------------------------------
     0 | D:1      | voltaire321 the Octopode Hedge Wizard began the quest for
                  | the Orb.
     0 | D:1      | Reached XP level 1. HP: 11/11 MP: 4/4
   342 | D:1      | Reached XP level 2. HP: 17/17 MP: 4/6
   345 | D:1      | Learned a level 2 spell: Call Imp
   348 | D:1      | Learned a level 2 spell: Blink
  1228 | D:2      | Reached XP level 3. HP: 22/22 MP: 3/7
  1270 | D:2      | Found a faded altar of an unknown god.
  1414 | D:2      | Learned a level 3 spell: Call Canine Familiar
  1856 | D:3      | Reached skill level 1 in Fighting
  1879 | D:3      | Reached XP level 4. HP: 22/28 MP: 1/8
  1996 | D:3      | Noticed a scorpion
  2003 | D:3      | Killed a scorpion
  2092 | D:3      | Reached XP level 5. HP: 28/33 MP: 4/9
  2628 | D:3      | Succumbed to a kobold's poison

Illustrated notes

Levels and vault maps discovered:
D:1:      minmay_arrival_semitransparent, layout_basic
D:2:      layout_rooms, basic_ecumenical_altar
D:3:      layout_loops_ring
D:4:      layout_cave_pools, kennysheep_mini, nicolae_qazlal_scattered_showers,
          gup_ossuary_entry_pyramid, hangedman_abyss_or_decor_lesser_grid,
          kennysheep_flooded_box, minivault_24, uniq_ijyb, uniq_robin

Skill      XL: |  1  2  3  4  5 |
---------------+----------------+-----
Stealth        | 3 |  3.8
Fighting       | 1 |  1.6
Summonings     | 2 |  2.1
Translocations | 2 |  2.1
Dodging        | |  2.7
Spellcasting   | |  3.4
Conjurations   | |  1.9

Action                   |  1- 3 |  4- 6 || total
-------------------------+-------+-------++-------
Melee: Dagger            |    25 |       ||    25
       Constrict         |    13 |    11 ||    24
       Tentacles         |    10 |     6 ||    16
       Staff             |    20 |    28 ||    48
       Punch             |       |     1 ||     1
 Cast: Magic Dart        |    70 |    20 ||    90
       Call Imp          |       |     4 ||     4
       Call Canine Famil |       |     2 ||     2
  Use: Potion            |       |     1 ||     1
 Stab: Sleeping          |     1 |       ||     1
Armor: Skin              |     4 |     3 ||     7
Dodge: Dodged            |    23 |    24 ||    47

Table legend: (Time is in decaauts)
 A = Elapsed time spent in this place.
 B = Non-inter-level travel time spent in this place.
 C = Inter-level travel time spent in this place.
 D = Time resting spent in this place.
 E = Time spent auto-exploring this place.
 F = Levels seen in this place.
 G = Mean time per level.
                   A        B        C        D        E       F      G
               +--------+--------+--------+--------+--------+-----+--------+
         Total |   2635 |   2497 |    138 |    488 |   1472 |   4 |  658.8 |
       Dungeon |   2635 |   2497 |    138 |    488 |   1472 |   4 |  658.8 |
               +--------+--------+--------+--------+--------+-----+--------+

Top non-repeatable levels by time:
     D:1: 1165 daAuts
     D:3: 947 daAuts
     D:2: 484 daAuts
     D:4: 38 daAuts
